cohdb
Replays
Latest Replays
All Replays
Popular Replays
Top Player Replays
Match Explorer
How It Works
Community
CoH3 Stats
Reddit
Sign in to upload your games and track your stats! →
Sign in with Steam
Match 43801715
Unlisted
Match 43801715
Overview
Messages
Build Orders
End
Construct Section Command Post
Selects Canadian Shock Battlegroup
Vickers Machine Gun Team
ML 3-inch Mortar Team
Infantry Section
Grenade Package
Infantry Section
Vickers Machine Gun Team
Construct Field Infirmary
Selects Attacking Spirit
Selects Canadian Shock Section
Selects Incendiary Munitions
Canadian Shock Section
Construct Platoon Command Post
Selects Pyrotechnics
Humber Armored Car
Infantry Training
6-pounder Anti-tank Gun Team
Unlock Bishop Self-propelled Artillery
Bishop Self-propelled Artillery
Selects Smoke Operation
Canadian Shock Section
、
Kale: Son of Lettuce
NA
Jason_Beebe
bigcheese
Zuwaigani
0
0
Comments
sign in to comment!
No comments posted yet!